Map: Pylon LE

Players

Classic - Winner!

  • Race: Protoss Protoss
  • Spawn Location: 11:00

VITmaru (Maru)

  • Race: Terran Terran
  • Spawn Location: 5:00

Event: DreamHack Dallas 2025

VOD

Have the link to the VOD?

Description

Time

  • Played on: May 25, 2025, 3:29 p.m.
  • Length: 16:44

All games in this series

Show
View Real Time Build Order
Export as new Build Order

Classic Protoss - Winner!

Build Orders: 1 Gate Expand, Phoenix Opening, Blink Stalkers 

Get SALT Encoding   

  12  0:00  Probe  
  13  0:12  Probe  
  14  0:19  Pylon  
  14  0:24  Probe  
  15  0:33  Probe  
  15  0:37  Gateway  
  15  0:41  Probe  
  16  0:47  Assimilator  
  17  0:51  Probe  
  18  1:03  Probe  
  20  1:24  Cybernetics Core  
  20  1:25  Zealot  
  21  1:38  Nexus  
  21  1:43  Pylon  
  21  1:46  Probe  
  22  1:51  Assimilator  
  22  1:52  Adept  
  22  1:59  Probe  
  25  2:10  Warp Gate  
  25  2:11  Stalker, Probe  
  26  2:23  Probe  
  29  2:35  Probe  
  30  2:41  Twilight Council  
  30  2:47  Probe  
  30  2:48  Stalker  
  31  2:56  Probe  
  33  2:59  Probe  
  33  3:04  Gateway, Probe  
  35  3:08  Blink  
  35  3:12  Probe  
  37  3:13  Probe  
  38  3:24  Probe  
  38  3:25  Probe  
  38  3:29  Gateway  
  38  3:36  Pylon, Probe  
  38  3:39  Probe  
  40  3:43  Phoenix, Assimilator  
  40  3:48  Probe  
  41  3:49  Shield Battery  
  41  3:51  Probe  
  42  3:57  Sentry  
  42  4:00  Stalker  
  46  4:05  Probe  
  46  4:06  Probe  
  47  4:13  Pylon, Assimilator  
  47  4:18  Probe x2  
  49  4:25  Stalker x2  
  53  4:31  Stalker  
  53  4:32  Pylon  
  53  4:33  Probe x2  
  57  4:39  Robotics Facility  
  57  4:45  Probe x2  
  59  4:47  Shield Battery  
  57  4:57  Pylon  
  53  5:04  Probe x2  
  53  5:17  Shield Battery  
  53  5:26  Observer  
  54  5:31  Probe x2  
  54  5:32  Charge  
  54  5:39  Probe x2  
  54  5:47  Probe x2  
  54  5:49  Observer  
  59  5:57  Probe x2  
  59  6:04  Gateway  
  61  6:05  Gateway  
  61  6:13  Gateway  
  57  6:20  Templar Archives  
  57  6:22  Stalker x2  
  57  6:25  Stalker  
  63  6:32  Probe x2  
  64  6:33  Immortal  
  63  6:44  Pylon  
  67  6:47  Psionic Storm  
  67  6:52  Zealot x2  
  71  6:56  Pylon  
  71  7:04  Stalker  
  71  7:05  Stalker  
  75  7:16  High Templar  
  75  7:21  Nexus  
  77  7:29  High Templar  
  79  7:31  Zealot x3  
  79  7:34  Probe  
  79  7:36  Probe  
  87  7:39  Pylon  
  87  7:45  High Templar  
  89  7:56  Warp Prism  
  90  7:59  High Templar, Zealot x2  
  90  8:00  Probe  
  90  8:01  Probe  
  98  8:06  Forge  
  98  8:08  Pylon  
  98  8:16  Probe x2  
  98  8:27  Zealot x4  
  104  8:28  High Templar  
  104  8:31  High Templar  
  104  8:32  Protoss Ground Weapons Level 1  
  110  8:41  Probe x3  
  112  8:47  Zealot  
  115  8:49  Zealot  
  115  8:50  Zealot x2  
  118  9:04  Stalker x2  
  122  9:17  Stalker  
  122  9:21  Pylon  
  122  9:22  Pylon  
  122  9:23  Pylon  
  124  9:35  Pylon  
  124  9:36  Pylon  
  124  9:43  Archon  
  123  9:45  Zealot x3  
  123  9:46  Zealot x3  
  105  10:00  Archon  
  99  10:10  High Templar x3  
  99  10:11  High Templar  
  105  10:15  Nexus  
  105  10:17  Zealot x2  
  105  10:19  Observer  
  110  10:25  Probe x2  
  112  10:30  Robotics Bay  
  112  10:37  Probe  
  112  10:39  Protoss Ground Weapons Level 2, Zealot x2  
  112  10:42  Zealot x3  
  123  10:56  Archon  
  123  10:59  High Templar  
  123  11:03  High Templar, Zealot x4  
  131  11:08  Colossus  
  131  11:14  Nexus  
  131  11:16  Pylon  
  131  11:30  Extended Thermal Lance  
  137  11:41  Probe  
  137  11:42  Probe x2  
  137  11:44  Zealot x3  
  137  11:45  Zealot, Colossus  
  152  12:11  Gateway  
  152  12:12  Gateway  
  152  12:14  Sentry  
  152  12:15  Stalker x2  
  158  12:16  Zealot x2  
  158  12:18  Zealot  
  164  12:25  Colossus  
  154  12:46  Zealot x5  
  154  12:47  Zealot  
  154  12:56  Zealot x6  
  162  13:01  Protoss Ground Armor Level 1  
  160  13:08  Stalker x2  
  164  13:17  Warp Prism  
  156  13:32  Zealot x8  
  168  13:41  Robotics Facility  
  168  13:52  Nexus  
  168  13:54  Pylon  
  162  13:56  Nexus  
  162  13:57  Pylon  
  162  13:59  Pylon  
  162  14:02  Pylon  
  151  14:16  High Templar x2, Nexus  
  155  14:17  Stalker x3  
  155  14:18  Stalker  
  155  14:19  Stalker  
  155  14:22  Observer  
  166  14:25  Robotics Facility  
  166  14:29  Observer  
  166  14:35  Zealot  
  166  14:37  Probe x3  
  171  14:40  Pylon  
  171  14:44  Zealot x2  
  173  15:05  Disruptor  
  173  15:06  Disruptor  
  177  15:07  Zealot x3  
  177  15:08  Zealot x4  
  190  15:17  Stalker  
  194  15:32  Archon  
  194  15:34  Colossus x2  
  186  15:37  Zealot x7  
  186  15:42  Archon  
  144  15:48  High Templar  
  144  15:49  Zealot x6  
  132  15:56  High Templar  
  108  16:02  Probe x4  
  112  16:11  Stalker x3  
  118  16:18  Zealot x3  
  118  16:32  Zealot x2  
  126  16:34  Zealot x2  
  126  16:35  Zealot  
Show
View Real Time Build Order
Export as new Build Order

VITmaru Terran 

Build Orders: Cyclone Opening 

Get SALT Encoding   

  12  0:00  SCV  
  13  0:12  SCV  
  14  0:16  Supply Depot  
  14  0:24  SCV  
  15  0:38  SCV  
  15  0:39  Barracks  
  16  0:42  Refinery  
  16  0:50  SCV  
  16  0:52  Refinery  
  17  1:02  SCV  
  18  1:14  SCV  
  19  1:26  Orbital Command, Reaper  
  20  1:41  Factory  
  20  1:48  Supply Depot  
  20  1:52  SCV  
  21  1:58  Barracks Tech Lab  
  21  2:04  SCV  
  22  2:16  SCV  
  22  2:17  Command Center  
  23  2:28  SCV  
  24  2:32  Cyclone  
  26  2:38  Starport  
  26  2:40  SCV  
  27  2:45  Supply Depot  
  27  2:54  SCV  
  27  2:57  Barracks Tech Lab  
  28  2:59  Command Center  
  28  3:06  SCV  
  29  3:19  SCV  
  30  3:24  Cloaking Field, Banshee  
  33  3:31  SCV  
  33  3:32  Barracks Reactor  
  34  3:43  SCV  
  34  3:47  Command Center  
  35  3:55  SCV  
  36  3:56  Siege Tank  
  39  4:07  SCV  
  39  4:12  Banshee  
  39  4:15  Marine  
  39  4:16  Marine  
  44  4:20  SCV  
  44  4:23  Barracks  
  45  4:31  Orbital Command  
  45  4:33  SCV  
  46  4:38  Siege Tank  
  46  4:43  Marine x2  
  51  4:47  SCV  
  52  4:59  SCV x2  
  54  5:02  Banshee  
  58  5:07  Orbital Command  
  58  5:11  SCV, Barracks  
  58  5:12  Barracks Tech Lab  
  58  5:13  SCV  
  59  5:20  Refinery  
  59  5:23  SCV  
  59  5:24  Marine x2  
  59  5:25  SCV  
  63  5:29  Siege Tank  
  63  5:33  SCV  
  65  5:35  SCV  
  65  5:37  SCV  
  66  5:42  Supply Depot  
  66  5:45  SCV  
  66  5:47  SCV  
  66  5:48  Engineering Bay  
  66  5:49  Engineering Bay, Refinery  
  68  5:52  Stimpack  
  68  5:56  SCV  
  69  5:59  Supply Depot  
  69  6:04  SCV  
  69  6:08  Marine x3  
  69  6:09  Barracks  
  72  6:12  SCV  
  72  6:16  SCV  
  74  6:21  Terran Infantry Weapons Level 1, Terran Infantry Armor Level 1  
  74  6:23  Marine, Starport Reactor  
  75  6:26  Marine, Combat Shield  
  75  6:27  SCV  
  75  6:29  Supply Depot  
  75  6:30  Barracks  
  77  6:36  Marauder, Marine  
  77  6:38  SCV  
  78  6:41  Marauder  
  78  6:44  Marine  
  81  6:48  Factory Reactor  
  81  6:52  Supply Depot x2  
  81  6:53  Supply Depot  
  81  6:54  Marine  
  82  7:02  Marine  
  82  7:03  SCV  
  82  7:04  Supply Depot  
  84  7:09  Marauder x2  
  84  7:10  Marauder, Bunker  
  84  7:11  Marine, Concussive Shells, Medivac  
  84  7:14  Medivac  
  95  7:19  Ghost Academy  
  95  7:21  Barracks Reactor  
  95  7:22  Supply Depot  
  95  7:27  Marine, Widow Mine x2  
  95  7:29  Marine  
  101  7:31  Marauder  
  101  7:33  Marauder, Marine  
  106  7:37  Supply Depot  
  106  7:43  Medivac  
  106  7:44  Medivac  
  110  7:45  Marine  
  110  7:47  Marine  
  110  7:48  SCV x3  
  112  8:00  SCV, Ghost  
  112  8:01  Marine x2  
  112  8:05  Ghost  
  118  8:06  Supply Depot, Marine x3  
  118  8:07  Supply Depot  
  118  8:10  SCV x2  
  118  8:12  SCV, Supply Depot  
  127  8:16  Widow Mine  
  127  8:17  Widow Mine  
  127  8:19  Marine x2  
  132  8:23  Armory  
  130  8:29  Ghost  
  130  8:30  Marauder, Marine x2  
  130  8:32  SCV x2, Orbital Command  
  139  8:43  Marauder  
  139  8:44  SCV, Orbital Command  
  139  8:45  SCV  
  143  8:50  Widow Mine x2  
  143  8:51  Marine  
  143  8:52  Marauder  
  149  8:57  SCV x2  
  144  9:09  SCV x2  
  144  9:11  Viking x2  
  144  9:12  SCV  
  149  9:20  Supply Depot  
  149  9:21  SCV x2  
  151  9:24  SCV  
  151  9:27  Terran Infantry Armor Level 2, Terran Infantry Weapons Level 2  
  151  9:29  Marauder  
  154  9:33  SCV x2  
  154  9:36  SCV  
  154  9:37  Marine  
  154  9:38  Marauder x2, Marine  
  163  9:45  SCV  
  146  9:50  Ghost  
  147  9:59  Ghost  
  112  10:00  Ghost  
  112  10:01  Marine x3  
  112  10:03  Marine  
  112  10:04  Orbital Command  
  93  10:19  Marauder, Marine x3, Medivac  
  93  10:21  Marine  
  100  10:27  Widow Mine x2  
  100  10:28  Marauder  
  107  10:30  Marauder  
  107  10:33  Medivac  
  111  10:37  Marine x3  
  111  10:39  Marine  
  111  10:41  Marauder  
  117  10:49  Marine  
  118  10:51  Marauder  
  118  10:54  Marine x2  
  118  10:55  Marine  
  118  10:56  Marine  
  112  10:58  Medivac  
  112  11:02  Marauder  
  112  11:03  Medivac  
  116  11:05  Refinery  
  116  11:07  Marauder  
  118  11:12  Marine x3  
  118  11:13  Widow Mine x2  
  118  11:17  Marine x2  
  127  11:20  Supply Depot  
  127  11:21  Supply Depot  
  127  11:24  Ghost  
  130  11:26  Orbital Command  
  130  11:28  SCV x2  
  130  11:30  Marine x2  
  134  11:37  Ghost  
  134  11:39  Supply Depot  
  137  11:40  Supply Depot  
  137  11:46  Medivac  
  139  11:49  Marine x3  
  139  11:52  SCV  
  139  11:53  SCV  
  143  12:03  Widow Mine x2  
  143  12:06  Medivac  
  143  12:07  Marine  
  143  12:08  Marauder  
  152  12:13  Missile Turret  
  152  12:18  Medivac  
  152  12:21  Supply Depot  
  154  12:24  Widow Mine x2  
  154  12:27  Marine x3  
  154  12:28  Marauder  
  158  12:41  Marine  
  158  12:42  Marauder x2  
  159  12:45  Marine  
  159  12:48  Marine x2  
  159  12:49  Marauder  
  164  12:58  Viking x2  
  167  12:59  Marine  
  167  13:02  Ghost  
  167  13:03  Marauder  
  173  13:07  Marine x2  
  173  13:10  Marauder  
  177  13:18  Supply Depot  
  177  13:20  Marine  
  177  13:24  Marauder  
  174  13:35  Orbital Command  
  174  13:43  Supply Depot  
  174  13:58  Orbital Command  
  174  14:04  Marine  
  174  14:05  Marine  
  172  14:13  Marauder, Marine x2  
  174  14:18  Medivac  
  174  14:19  Medivac  
  178  14:24  Ghost  
  178  14:25  Ghost  
  180  14:34  Supply Depot  
  180  14:48  Ghost  
  180  14:49  Medivac x2  
  179  15:01  Ghost  
  179  15:02  Ghost  
  182  15:15  Marine x2  
  182  15:17  Ghost  
  185  15:30  Ghost  
  185  15:31  Marauder  
  185  15:34  Marine x2  
  172  15:42  Marine x2  
  124  15:46  Marauder  
  98  15:52  Marauder  
  90  15:59  Marauder  
  90  16:03  Marine  
  93  16:08  Marauder  
  95  16:13  Widow Mine  
  97  16:19  Marine x2  
  97  16:25  Marine  
Tags
 
Add a new tag
Caveats
  • Supply blocks, unpowered buildings, or Contaminate may cause inaccurate times.
  • Supply counts are checked every 10 seconds.